 Dungeon Crawl Stone Soup version 0.23.2-33-g5129a83184 (webtiles) character file.

Game seed: 13712727397786622424

718 psyvane the Spear-Bearer (level 7, -6/50 HPs)
             Began as a Merfolk Skald on June 30, 2019.
             Mangled by an ogre
             ... wielding a +0 giant club
              (12 damage)
             ... on level 4 of the Dungeon.
             The game lasted 00:17:51 (3448 turns).

psyvane the Spear-Bearer (Merfolk Skald)            Turns: 3448, Time: 00:17:52

Health: -6/50      AC:  8    Str: 12    XL:     7   Next: 70%
Magic:  0/10       EV: 11    Int: 13    God:
Gold:   164        SH:  0    Dex: 14    Spells: 5/10 levels left

rFire    . . .     SeeInvis .   e - +2 trident (venom)
rCold    . . .     Gourm    .   (no shield)
rNeg     . . .     Faith    .   c - +0 ring mail (curse)
rPois    .         Spirit   .   r - +0 helmet
rElec    .         Reflect  .   t - +0 cloak
rCorr    .         Harm     .   (no gloves)
MR       .....                  h - +0 pair of boots
Stlth    ++........             (no amulet)
HPRegen  0.16/turn              a - ring of stealth
MPRegen  0.12/turn              (no ring)

@: infused, singing
A: change form in water, swift swim, stealthy swim
a: no special abilities


You were on level 4 of the Dungeon.
You were not hungry.

You visited 1 branch of the dungeon, and saw 6 of its levels.

You collected 164 gold pieces.

Inventory:

Hand Weapons
 e - a +2 trident of venom (weapon)
Armour
 c - a cursed +0 ring mail (worn)
 h - a +0 pair of boots (worn)
 r - a +0 helmet (worn)
 t - a +0 cloak (worn)
Jewellery
 a - a ring of stealth (left hand)
Scrolls
 b - a scroll of magic mapping {unknown}
 f - a scroll of amnesia
 g - 2 scrolls of blinking
 l - 2 scrolls of teleportation {unknown}
 m - a scroll of remove curse {unknown}
Potions
 i - a potion of brilliance {unknown}
 k - a potion of agility {unknown}
 o - a potion of magic {unknown}
 p - a potion of flight {unknown}
 q - 2 potions of curing {unknown}
Comestibles
 d - 9 rations


   Skills:
 - Level 2.2 Fighting
 * Level 10.5 Polearms
 - Level 0.6 Armour
 - Level 2.7 Dodging
 - Level 0.4 Stealth
 - Level 2.1 Spellcasting
 - Level 4.7 Charms
 * Level 1.3 Translocations


You had 5 spell levels left.
You knew the following spells:

 Your Spells              Type           Power        Failure   Level  Hunger
a - Infusion              Chrm           ##..         9%          1    ##.....
b - Song of Slaying       Chrm           ##......     12%         2    ###....
c - Shroud of Golubria    Chrm/Tloc      #.........   26%         2    ###....

Your spell library contained the following spells:

 Spells                   Type           Power        Failure   Level  Hunger
 Blink                    Tloc           N/A          45%         2    ###....
 Magic Dart               Conj           #...         50%         1    ##.....
 Regeneration             Chrm/Necr      #.........   54%         3    ####...
 Spectral Weapon          Hex/Chrm       #.......     54%         3    ####...
 Call Imp                 Summ           #.......     65%         2    ###....
 Slow                     Hex            #.......     65%         2    ###....
 Conjure Flame            Conj/Fire      #.......     86%         3    ####...
 Mephitic Cloud           Conj/Pois/Air  #.......     86%         3    ####...


Dungeon Overview and Level Annotations

Branches:
Dungeon (6/15)
 Temple: D:4-7

Altars:


Message History

The jackal barely misses you. The jackal closely misses you.
You puncture the jackal!
You kill the jackal!
You puncture the jackal!
You kill the jackal!
The jackal bites you but does no damage.
You puncture the ogre!
The ogre is poisoned.
The ogre is heavily wounded.
The jackal bites you.
* * * LOW HITPOINT WARNING * * *
The ogre hits you with a +0 giant club!
* * * LOW HITPOINT WARNING * * *
The jackal barely misses you.
You hit the ogre.
The ogre looks even sicker.
The ogre is severely wounded.
The jackal barely misses you.
You closely miss the ogre.
The ogre is severely wounded.
The ogre hits you with a +0 giant club!
You die...

## ...# .. ...#
#.##... #.....##
###......
....... #
##..#.#.#####
#..@#.#......
#....#Oho†......
.....
##......... .###
###.......
....... .......
$...... #......
oo...#


You could see an ogre, an orc and a jackal.

Vanquished Creatures
  Sigmund (D:2)
  An ice beast (D:6)
  A phantom (D:5)
  An ogre (D:5)
  Crazy Yiuf (D:2)
  A hound (D:4)
  An iguana (D:6)
  Natasha (thrice) (D:2)
  2 worker ants
  2 hound zombies
  An adder (D:5)
  An ooze (D:1)
  A worm (D:2)
  3 leopard geckos
  An orc (D:5)
  8 bats
  2 giant cockroaches
  3 goblins
  4 hobgoblins (D:1)
  10 jackals
  7 kobolds
  2 quokkas
  2 frilled lizards
  A quokka skeleton (D:4)
  5 rats
65 creatures vanquished.

Notes
Turn   | Place    | Note
-------+----------+-------------------------------------------
     0 | D:1      | psyvane the Merfolk Skald began the quest for the Orb.
     0 | D:1      | Reached XP level 1. HP: 16/16 MP: 3/3
   107 | D:1      | Reached XP level 2. HP: 18/22 MP: 5/5
   111 | D:1      | Learned a level 2 spell: Song of Slaying
   114 | D:1      | Learned a level 2 spell: Shroud of Golubria
   483 | D:1      | Reached XP level 3. HP: 22/27 MP: 6/6
  1036 | D:2      | Noticed Natasha
  1055 | D:2      | Killed Natasha
  1055 | D:2      | Reached skill level 4 in Polearms
  1067 | D:2      | Reached XP level 4. HP: 18/33 MP: 3/7
  1282 | D:2      | Noticed Sigmund
  1303 | D:2      | Killed Sigmund
  1303 | D:2      | Reached skill level 7 in Polearms
  1303 | D:2      | Reached XP level 5. HP: 29/38 MP: 0/8
  1304 | D:2      | Noticed Natasha
  1320 | D:2      | Killed Natasha
  1320 | D:2      | Reached XP level 6. HP: 8/44 MP: 1/9
  1757 | D:2      | Found a runed translucent door.
  1758 | D:2      | Noticed Crazy Yiuf
  1758 | D:2      | Noticed Natasha
  2199 | D:2      | Killed Natasha
  2208 | D:2      | Killed Crazy Yiuf
  2311 | D:3      | Reached skill level 8 in Polearms
  2420 | D:3      | You fall through a shaft for 3 floors!
  2691 | D:5      | Entered Level 5 of the Dungeon
  2785 | D:5      | Noticed an ice beast
  2810 | D:5      | Noticed a phantom
  2824 | D:6      | Killed an ice beast
  2824 | D:6      | Reached skill level 9 in Polearms
  3103 | D:6      | Reached XP level 7. HP: 38/50 MP: 5/10
  3231 | D:5      | Reached skill level 1 in Translocations
  3359 | D:5      | Reached skill level 10 in Polearms
  3448 | D:4      | Mangled by an ogre

Skill      XL: |  1  2  3  4  5  6  7 |
---------------+----------------------+-----
Charms         | 4 |  4.7
Polearms       | 4 7 9 10 | 10.5
Translocations | 1 |  1.3
Fighting       | |  2.2
Armour         | |  0.6
Dodging        | |  2.7
Stealth        | |  0.4
Spellcasting   | |  2.1

Action                   |  1- 3 |  4- 6 |  7- 9 || total
-------------------------+-------+-------+-------++-------
Melee: Spear             |   121 |   151 |       ||   272
       Trident           |       |       |    78 ||    78
 Cast: Infusion          |     1 |     5 |     1 ||     7
       Song of Slaying   |     3 |     2 |     1 ||     6
       Shroud of Golubri |     1 |     3 |     1 ||     5
  Use: Potion            |     1 |     2 |     1 ||     4
       Scroll            |       |     6 |     1 ||     7
 Stab: Sleeping          |     1 |       |       ||     1
  Eat: Chunk             |       |     6 |       ||     6
       Ration            |       |     1 |       ||     1
Armor: Leather armour    |    32 |     3 |       ||    35
       Ring mail         |       |    26 |    28 ||    54
Dodge: Dodged            |    73 |    63 |    53 ||   189
